 Dungeon Crawl Stone Soup version 0.23.2-1-ga50397a (webtiles) character file.

Game seed: 14072014364516249114

532 schauveau the Shooter (level 7, -3/57 HPs)
             Began as a Centaur Hunter on Apr 25, 2019.
             Was an Initiate of Okawaru.
             Slain by a gnoll
             ... wielding a +0 halberd
              (15 damage)
             ... on level 6 of the Dungeon.
             The game lasted 00:09:34 (4007 turns).

schauveau the Shooter (Centaur Hunter)              Turns: 4007, Time: 00:09:34

Health: -3/57      AC:  5    Str: 14    XL:     7   Next: 4%
Magic:  7/7        EV: 10    Int: 10    God:    Okawaru [......]
Gold:   235        SH:  0    Dex: 12    Spells: 6/6 levels left

rFire    . . .     SeeInvis .   a - +2 shortbow
rCold    . . .     Gourm    .   (shield currently unavailable)
rNeg     . . .     Faith    .   c - +0 leather armour
rPois    .         Spirit   .   h - +0 helmet
rElec    .         Reflect  .   (no cloak)
rCorr    +         Harm     .   (no gloves)
MR       .....                  (no barding)
Stlth    ++........             (no amulet)
HPRegen  0.19/turn              k - ring of stealth
MPRegen  0.10/turn              p - ring of resist corrosion

@: very quick
A: large, hooves 3, deformed body, speed 2, tough skin 3
a: Renounce Religion


You were on level 6 of the Dungeon.
You worshipped Okawaru.
Okawaru was noncommittal.
You were not hungry.

You visited 2 branches of the dungeon, and saw 7 of its levels.

You collected 235 gold pieces.

Inventory:

Hand Weapons
 a - a +2 shortbow (weapon)
 b - a +0 blowgun
 u - a +1 falchion of holy wrath
 w - a +3 short sword of freezing
Missiles
 j - 9 arrows (quivered)
 m - 34 poisoned needles
Armour
 c - a +0 leather armour (worn)
 h - a +0 helmet (worn)
Jewellery
 k - a ring of stealth (left hand)
 p - a ring of resist corrosion (right hand)
Scrolls
 e - 3 scrolls of immolation
 g - 2 scrolls of enchant armour
 l - a scroll of remove curse
 o - 2 scrolls of teleportation
 r - a scroll of fear
 s - 3 scrolls of fog
 t - a scroll of identify
Potions
 d - a potion of ambrosia
 i - a potion of brilliance
 n - 2 potions of curing
 v - a potion of heal wounds {unknown}
Comestibles
 f - 8 rations
 q - 4 chunks of flesh


   Skills:
 + Level 3.1 Fighting
 + Level 2.2 Short Blades
 + Level 7.2 Bows
 + Level 2.9 Throwing
 + Level 2.3 Armour
 + Level 2.1 Dodging
 + Level 0.7 Stealth


You had 6 spell levels left.
You didn't know any spells.
Your spell library was empty.

Dungeon Overview and Level Annotations

Branches:
Dungeon (6/15)             Temple (1/1) D:6

Altars:
Ashenzari
Cheibriados
Dithmenos
Elyvilon
Fedhas
Hepliaklqana
Kikubaaqudgha
Nemelex Xobeh
Okawaru
Qazlal
Ru
Sif Muna
Trog
Uskayaw
Vehumet
Xom
The Shining One

Annotations:
D:5 3 runed translucent doors, nixmar's ghost, novice MiFi


Innate Abilities, Weirdness & Mutations

You have hooves in place of feet.
Armour fits poorly on your strangely shaped body.
You cover ground very quickly.
You have extremely tough skin. (AC +3)


Message History

The gnoll hits you from afar with a +0 halberd!
* * * LOW HITPOINT WARNING * * *
You barely miss the gnoll. You kick the gnoll.
You kill the gnoll!
Okawaru accepts your kill.
The gnoll hits you from afar with a +0 halberd.
* * * LOW HITPOINT WARNING * * *
Your +3 short sword of freezing stops glowing.
a - a +2 shortbow (weapon)
Firing (i - inventory)
j - 11 arrows (quivered)
Press: ? - help, Shift-Dir - straight line, f - gnoll
Aim: a gnoll, wielding a +0 halberd You shoot an arrow.
The arrow hits the gnoll.
The gnoll is moderately wounded.
Firing (i - inventory)
j - 10 arrows (quivered)
Press: ? - help, Shift-Dir - straight line, f/p - gnoll
Aim: a gnoll, wielding a +0 halberd (moderately wounded)
You shoot an arrow. The arrow barely misses the gnoll.
The gnoll hits you from afar with a +0 halberd!
You die...

.##...# #.#.)# ......#
#.#..# ..##..# #....#
#....## #..#.# #.##.# #..#.#
.....## #..#.# #.#...###
#..#.# ..#...?.########..#.#
# #.)..##..().(.g.@.#.# .#
..##...########...#.######.#
#....#..# #........#...#
...#.##.#### ##..#.#....#
##.#.##....#####..#[#...##
?....#####....###.#<#..####
###.## ####.###.#...#'#.##
..# #..####..###._.# .#
##....#...#'#.##


You could see a gnoll.

Vanquished Creatures
  An ogre (D:4)
  A phantom (D:4)
  A crimson imp (D:6)
  A bullfrog skeleton (D:4)
  2 orc wizards
  Robin (D:2)
  4 adders
  8 gnolls
  A howler monkey skeleton (D:6)
  2 oozes (D:3)
  2 worms (D:4)
  3 leopard geckos
  14 orcs
  2 bats
  3 giant cockroaches
  10 goblins
  6 hobgoblins
  7 jackals
  A ball python (D:1)
  A ball python skeleton (D:6)
  6 frilled lizards
  8 kobolds
  7 rats
92 creatures vanquished.

Notes
Turn   | Place    | Note
-------+----------+-------------------------------------------
     0 | D:1      | schauveau the Centaur Hunter began the quest for the Orb.
     0 | D:1      | Reached XP level 1. HP: 17/17 MP: 1/1
   181 | D:1      | Reached XP level 2. HP: 8/24 MP: 2/2
   436 | D:1      | Reached skill level 6 in Bows
   516 | D:2      | Noticed Robin
   537 | D:2      | Killed Robin
   537 | D:2      | Reached XP level 3. HP: 13/29 MP: 3/3
   866 | D:3      | Reached skill level 1 in Short Blades
   866 | D:3      | Reached skill level 1 in Armour
   889 | D:3      | Found a white marble altar of Elyvilon.
   900 | D:3      | Reached XP level 4. HP: 30/36 MP: 4/4
  2627 | D:3      | Reached XP level 5. HP: 41/41 MP: 5/5
  2650 | D:4      | Found a shattered altar of Ashenzari.
  2748 | D:4      | Found an ancient bone altar of Kikubaaqudgha.
  2749 | D:4      | Found a blossoming altar of Fedhas.
  2750 | D:4      | Found a hide-covered altar of Uskayaw.
  2751 | D:4      | Found a snail-covered altar of Cheibriados.
  2761 | D:4      | Noticed an ogre
  2784 | D:4      | Killed an ogre
  2784 | D:4      | Reached skill level 7 in Bows
  2784 | D:4      | Reached XP level 6. HP: 32/50 MP: 6/6
  2882 | D:4      | Reached skill level 1 in Throwing
  3240 | D:5      | Entered Level 5 of the Dungeon
  3240 | D:5      | Found a runed translucent gate.
  3240 | D:5      | Found a runed translucent gate.
  3337 | D:4      | Noticed a slave
  3337 | D:4      | Noticed a slave
  3449 | D:5      | Found a runed translucent gate.
  3552 | D:5      | Noticed nixmar's ghost (novice MiFi)
  3818 | D:6      | Found a sparkling altar of Nemelex Xobeh.
  3878 | D:6      | Found a staircase to the Ecumenical Temple.
  3888 | Temple   | Entered the Ecumenical Temple
  3960 | Temple   | Became a worshipper of Warmaster Okawaru
  3983 | D:6      | Reached XP level 7. HP: 38/57 MP: 7/7
  4007 | D:6      | Slain by a gnoll

Skill      XL: |  1  2  3  4  5  6 |
---------------+-------------------+-----
Bows           | 6 7 |  7.2
Short Blades   | 1 2 |  2.2
Armour         | 1 2 |  2.3
Dodging        | 2 |  2.1
Throwing       | 2 |  2.9
Fighting       | 3 |  3.1
Stealth        | |  0.7

Action                   |  1- 3 |  4- 6 |  7- 9 || total
-------------------------+-------+-------+-------++-------
Melee: Short sword       |    25 |   171 |     5 ||   201
       Kick              |     6 |    32 |     2 ||    40
 Fire: Shortbow          |    48 |    40 |     2 ||    90
       Blowgun           |       |    49 |       ||    49
  Use: Scroll            |       |    13 |       ||    13
       Potion            |       |     1 |       ||     1
 Stab: Sleeping          |       |     1 |       ||     1
  Eat: Ration            |       |     2 |       ||     2
       Chunk             |       |     1 |       ||     1
Armor: Leather armour    |    10 |   102 |       ||   112
Dodge: Dodged            |    15 |   109 |     2 ||   126
